 Dungeon Crawl Stone Soup version 0.27.1-15-g792fb953b9 (webtiles) character file.

Game seed: 1205140625497595048

572 boopmooplesden the Slasher (level 7, -4/43 HPs)
             Began as a Gargoyle Fighter on Nov 21, 2021.
             Was an Initiate of Hepliaklqana.
             Slain by an ogre (6 damage)
             ... on level 4 of the Dungeon.
             The game lasted 00:05:25 (3800 turns).

boopmooplesden the Slasher (Gargoyle Fighter)       Turns: 3800, Time: 00:05:26

Health: -4/43      AC: 17    Str: 19    XL:     7   Next: 34%
Magic:  7/7        EV:  9    Int: 21    God:    Hepliaklqana [......]
Gold:   142        SH:  9    Dex: 11    Spells: 6/6 levels left

rFire    . . .     SeeInvis .   a - +0 long sword
rCold    . . .     Faith    .   c - +0 kite shield
rNeg     + . .     Spirit   .   e - +3 ring mail
rPois    ∞         Reflect  .   (no helmet)
rElec    +         Harm     .   r - +0 cloak
rCorr    .         Rampage  .   (no gloves)
Will     .....                  t - +1 pair of boots
Stlth    +.........             (no amulet)
HPRegen  0.14/turn              k - +6 ring of intelligence
MPRegen  0.10/turn              n - +6 ring of intelligence

@: about to teleport
A: sickness immunity, AC +4, negative energy resistance 1, electricity
resistance, torment resistance 1, petrification resistance
a: Renounce Religion


You were on level 4 of the Dungeon.
You worshipped Hepliaklqana.
Hepliaklqana was noncommittal.
You visited 1 branch of the dungeon, and saw 4 of its levels.

You collected 142 gold pieces.

Inventory:

Hand Weapons
 a - a +0 long sword (weapon)
 j - a +0 quarterstaff of speed
 s - a +3 quarterstaff of chaos
Armour
 b - a +0 scale mail
 c - a +0 kite shield (worn)
 e - a +3 ring mail (worn)
 f - a +0 pair of boots
 r - a +0 cloak (worn)
 t - a +1 pair of boots (worn)
Jewellery
 k - a +6 ring of intelligence (left hand)
 n - a +6 ring of intelligence (right hand)
Wands
 l - a wand of flame (11)
 o - a wand of charming (7)
Scrolls
 h - a scroll of magic mapping {unknown}
 p - a scroll of amnesia
 v - a scroll of identify {unknown}
Potions
 d - a potion of mutation {unknown}
 i - 3 potions of curing {unknown}
 m - 2 potions of attraction {unknown}
 q - a potion of heal wounds {unknown}


   Skills:
 + Level 4.3 Fighting
 + Level 5.0 Long Blades
 + Level 4.2 Armour
 + Level 2.0 Dodging
 + Level 0.2 Stealth
 + Level 4.6 Shields


You had 6 spell levels left.
You didn't know any spells.
Your spell library contained the following spells:

 Spells                   Type           Power      Damage    Failure   Level
 Animate Skeleton         Necr           0%         N/A       75%         1
 Pain                     Necr           0%         1d4       75%         1
 Passwall                 Tmut/Erth      0%         N/A       86%         2
 Gell's Gravitas          Tloc           0%         N/A       98%         3
 Lesser Beckoning         Tloc           0%         N/A       98%         3
 Swiftness                Air            0%         N/A       98%         3
 Teleport Other           Tloc           0%         N/A       98%         3
 Vampiric Draining        Necr           0%         2d6       98%         3
 Petrify                  Tmut/Erth      0%         N/A       100%        4
 Irradiate                Conj/Tmut      0%         3d13      100%        5
 Invisibility             Hex            0%         N/A       100%        6
 Sublimation of Blood     Necr           Unusable   N/A       N/A         2

Dungeon Overview and Level Annotations

Branches:
Dungeon (4/15)
 Temple: D:4-7

Altars:
Hepliaklqana
Sif Muna
Zin

Shops:
D:4 *

Annotations:
D:3 2 transporters, JonathMagnus's ghost, amateur OpSu


Innate Abilities, Weirdness & Mutations

You are immune to sickness and miasma.
Your stone body is resilient. (AC +4)
You are immune to poison.
You resist negative energy. (rN+)
You are resistant to electric shocks. (rElec)
You are resistant to unholy torment.
You are immune to petrification.


Message History

You closely miss something.
The orc hits you from afar with a +0 trident.
Something hits you but does no damage.
The orc hits you from afar with a +0 trident.
You hear some strange, mumbled words.
Something tries to affect you, but you resist.
You closely miss something. You block the orc's attack.
You block something's attack.
Okay, then.
You barely miss something. You block the orc's attack.
Something hits you but does no damage.
You slash something!
Reactivating autopickup.
You feel a bit more experienced. The orc hits you but does no damage.
You block the orc's attack.
Your Dodging skill increases to level 2!
Throw: 2 throwing nets
Press: ? - help, Q - select action, (/) - cycle Shift-Dir - straight line, f - ogre
Aim: an ogre, wielding a +0 giant club (73% to hit)
You throw a throwing net.
The throwing net barely misses the ogre.
The throwing net hits the orc.
The orc is caught in the net!
The ogre hits you with a +0 giant club.
The orc struggles against the net.
The orc hits you but does no damage.
Throw: throwing net
Press: ? - help, Q - select action, (/) - cycle Shift-Dir - straight line, f/p - ogre
Aim: an ogre, wielding a +0 giant club (73% to hit)
You throw a throwing net.
The throwing net barely misses the ogre.
The throwing net barely misses the orc.
The orc struggles against the net.
The ogre hits you with a +0 giant club!
* * * LOW HITPOINT WARNING * * *
The orc barely misses you.
The orc struggles against the net.
You hit the ogre but do no damage. The ogre hits you with a +0 giant club!
* * * LOW HITPOINT WARNING * * *
The orc closely misses you.
The orc struggles against the net.
The orc hits you but does no damage.
As you read the scroll of teleportation, it crumbles to dust.
You feel strangely unstable. The ogre hits you with a +0 giant club.
You die...

#.......#.#####.##......##..
#......##..# #..<......##..
#.......##.#######...#...#..
.#..................#........
........####..#.##...........
.................##.####.#...
#.......).....#..>..###..#..
####......o##...###....##†...
#.......#(oO@.......##...##..
....###..#####...............
###.##..)...# ######..#.......
#...#.....#...# ###...........
.......).###..................
......∩.._⌠#.............##...
........o### .............###.
.......... ............# #.
........... ............# #.


You could see an ogre and 2 orcs.

Vanquished Creatures
  A black bear (D:4)
  An ogre (D:3)
  Crazy Yiuf (D:3)
  A centaur skeleton (D:4)
  Jessica (D:2)
  2 iguanas (D:4)
  An orc wizard (D:4)
  5 gnolls
  11 adders
  A worm (D:3)
  3 dart slugs
  3 orcs
  7 ball pythons
  3 endoplasms (D:1)
  2 giant cockroaches (D:1)
  9 goblins
  8 hobgoblins
  6 jackals (D:1)
  7 kobolds
  A quokka (D:1)
  4 bats
  14 frilled lizards
  3 rats (D:1)
95 creatures vanquished.

Vanquished Creatures (others)
  17 plants
17 creatures vanquished.

Grand Total: 112 creatures vanquished

Notes
Turn   | Place    | Note
-------+----------+-------------------------------------------
     0 | D:1      | boopmooplesden the Gargoyle Fighter began the quest for the
                  | Orb.
     0 | D:1      | Reached XP level 1. HP: 14/14 MP: 1/1
   263 | D:1      | Reached skill level 2 in Long Blades
   263 | D:1      | Reached XP level 2. HP: 19/19 MP: 2/2
   716 | D:1      | Reached XP level 3. HP: 20/23 MP: 3/3
  1080 | D:2      | Noticed Jessica
  1087 | D:2      | Killed Jessica
  1088 | D:2      | Reached XP level 4. HP: 22/29 MP: 4/4
  1397 | D:2      | Reached skill level 3 in Long Blades
  1409 | D:2      | Reached XP level 5. HP: 26/33 MP: 5/5
  2004 | D:2      | Reached skill level 1 in Dodging
  2122 | D:2      | Found a faded altar of an unknown god.
  2475 | D:3      | Reached XP level 6. HP: 37/38 MP: 6/6
  2480 | D:3      | Found a transporter.
  2481 | D:3      | Noticed JonathMagnus's ghost (amateur OpSu)
  2488 | D:3      | Reached skill level 4 in Long Blades
  2743 | D:3      | Found a transporter.
  2895 | D:3      | Found a hazy altar of Hepliaklqana.
  2945 | D:3      | Became a worshipper of Hepliaklqana the Forgotten
  3038 | D:3      | Found a shimmering blue altar of Sif Muna.
  3075 | D:3      | Found a runed translucent door.
  3076 | D:3      | Noticed Crazy Yiuf
  3391 | D:3      | Killed Crazy Yiuf
  3603 | D:4      | Noticed a black bear
  3622 | D:4      | Killed a black bear
  3623 | D:4      | Reached XP level 7. HP: 36/43 MP: 7/7
  3686 | D:4      | Reached skill level 5 in Long Blades
  3757 | D:4      | Found Zin's Purification Station.
  3763 | D:4      | Found a glowing silver altar of Zin.
  3799 | D:4      | HP: 2/43 [ogre (9)]
  3800 | D:4      | Slain by an ogre

Illustrated notes

Levels and vault maps discovered:
D:1:      sevenhm_arrival_forest_fort_small_3, layout_rooms
D:2:      layout_loops_ring, chequers_ecumenical_altar_grove,
          minmay_lizard_king, uniq_jessica
D:3:      layout_loops_ring, nicolae_sif_muna_little_library,
          nicolae_hepliaklqana_hazy_memory, gammafunk_ghost_stat_death,
          uniq_crazy_yiuf_cottage
D:4:      layout_rooms, zin_purify

Skill      XL: |  1  2  3  4  5  6  7 |
---------------+----------------------+-----
Long Blades    | 2 3 4 5 |  5.0
Shields        | 4 |  4.6
Fighting       | 4 |  4.3
Dodging        | 1 2 |  2.0
Armour         | 4 |  4.2
Stealth        | |  0.2

Action                   |  1- 3 |  4- 6 |  7- 9 || total
-------------------------+-------+-------+-------++-------
Melee: Long sword        |    89 |   233 |    35 ||   357
Throw: Throwing net      |       |     1 |     2 ||     3
  Use: Potion            |     2 |       |       ||     2
       Scroll            |     3 |       |     1 ||     4
Armor: Scale mail        |    81 |     6 |       ||    87
       Ring mail         |       |   126 |    35 ||   161
Dodge: Dodged            |    50 |   107 |    13 ||   170
Block: Kite shield       |    77 |   126 |    20 ||   223
       Rpst.: Long sword |    13 |    35 |     1 ||    49
